 Dungeon Crawl Stone Soup version 0.26-a0-651-gb41185065b (webtiles) character file.

Game seed: 14887855001929089687

160 DoubleLucky the Grave Robber (level 5, -19/39 HPs)
             Began as a Vampire Necromancer on Sept 29, 2020.
             Engulfed by a cloud of flame (27 damage)
             ... on level 3 of the Dungeon.
             The game lasted 00:17:28 (3229 turns).

DoubleLucky the Grave Robber (Vampire Necromancer)  Turns: 3229, Time: 00:17:29

Health: -19/39     AC:  3    Str:  7    XL:     5   Next: 17%
Magic:  0/9        EV: 13    Int: 18    God:
Gold:   149        SH:  0    Dex: 15    Spells: 4/9 levels left

rFire    . . .     SeeInvis +   l - +0 dagger
rCold    . . .     Faith    .   (no shield)
rNeg     . . .     Spirit   .   a - +0 robe
rPois    .         Reflect  .   n - +1 hat
rElec    .         Harm     .   (no cloak)
rCorr    .         Rampage  .   (no gloves)
MR       .....                  (no boots)
Stlth    ++........             (no amulet)
HPRegen  0.33/turn              g - ring of flight
MPRegen  0.11/turn              (no ring)

@: regenerating quickly
A: fangs 3, see invisible, unbreathing
a: Exsanguinate, Evoke Flight


You were on level 3 of the Dungeon.
You visited 1 branch of the dungeon, and saw 3 of its levels.

You collected 149 gold pieces.

Inventory:

Hand Weapons
 h - a +1 hunting sling
 l - a +0 dagger (weapon)
Missiles
 k - 112 stones (quivered)
Armour
 a - a +0 robe (worn)
 n - a +1 hat (worn)
 o - a +0 scale mail
Jewellery
 g - a ring of flight (left hand)
Scrolls
 b - 2 scrolls of fear {unknown}
 c - 3 scrolls of identify
 f - a scroll of noise {unknown}
 j - 2 scrolls of magic mapping
Potions
 e - a potion of mutation {unknown}
 i - 2 potions of ambrosia
 m - a potion of heal wounds {unknown}


   Skills:
 * Level 2.5 Fighting
 + Level 0.1 Short Blades
 + Level 3.2 Dodging
 - Level 3.0 Stealth
 + Level 2.7 Spellcasting
 + Level 5.1 Necromancy


You had 4 spell levels left.
You knew the following spells:

 Your Spells              Type           Power        Failure   Level
a - Pain                  Necr           ###.         1%          1
b - Animate Skeleton      Necr           ###...       1%          1
c - Vampiric Draining     Necr           ###.......   6%          3

Your spell library contained the following spells:

 Spells                   Type           Power        Failure   Level
 Animate Dead             Necr           ###.......   21%         4
 Agony                    Necr           ###.....     50%         5


Dungeon Overview and Level Annotations

Branches:
Dungeon (3/15)

Altars:


Innate Abilities, Weirdness & Mutations

Your natural rate of healing is unusually fast.
You have razor-sharp teeth.
You have supernaturally acute eyesight. (SInv)
You can survive without breathing.


Message History

Robin barely misses you.
The hobgoblin hits you but does no damage.
Robin roars a battlecry!
The hobgoblin goes into a battle-frenzy!
You see here a sling bullet.
Casting: Pain (safe; 1% risk of failure)
Confirm with . or Enter, or press ? or * to list all spells.
Aiming: Pain (safe; 1% risk of failure)
Press: ? - help, Shift-Dir - straight line, f/p - Robin
Aim: Robin, wielding a -1 falchion, wearing a +0 animal skin, wearing a +0 helmet and carrying a wand of polymorph (6) (almost dead, chance to defeat MR: 86%)
The hobgoblin writhes in agony!
The hobgoblin explodes!
The fiery explosion engulfs Robin!!!
You kill Robin!
The fiery explosion engulfs you!!
Ouch! That really hurt!
* * * LOW HITPOINT WARNING * * *
You are engulfed in blazing flames.
Ouch! That really hurt!
You die...

#(.............# ....#.#..#
#(.............###...#....#
#..............#...#####..#..
#..............#.............
#....).g...............##..##
#......................# #.#
#......................# .#
#.........§§)..........# ..
#..(..(.((§§@?.....†...# #.#
##############.........# ..
#.........# ......†.....#
.....†).....#..
............#†##
............++# .............


You could see a goblin (strong).

Vanquished Creatures
  Robin (D:3)
  2 adders (D:2)
  4 gnolls
  An ooze (D:2)
  A worm (D:2)
  3 dart slugs
  2 leopard geckos (D:2)
  An orc (D:3)
  2 ball pythons
  7 bats
  A giant cockroach (D:2)
  13 goblins
  8 hobgoblins
  8 quokkas
  4 frilled lizards
  6 kobolds
  12 rats
76 creatures vanquished.

Notes
Turn   | Place    | Note
-------+----------+-------------------------------------------
     0 | D:1      | DoubleLucky the Vampire Necromancer began the quest for the
                  | Orb.
     0 | D:1      | Reached XP level 1. HP: 13/13 MP: 3/3
   220 | D:1      | Reached XP level 2. HP: 20/20 MP: 3/5
   782 | D:1      | Reached skill level 1 in Fighting
  1206 | D:2      | Reached XP level 3. HP: 24/26 MP: 1/6
  1217 | D:2      | Learned a level 1 spell: Animate Skeleton
  1536 | D:2      | Reached XP level 4. HP: 22/33 MP: 1/7
  1704 | D:2      | Reached skill level 5 in Necromancy
  1871 | D:2      | Learned a level 3 spell: Vampiric Draining
  3073 | D:3      | Reached XP level 5. HP: 37/39 MP: 3/9
  3180 | D:3      | Noticed Robin
  3229 | D:3      | Killed Robin
  3229 | D:3      | Engulfed by a cloud of flame

Illustrated notes

Levels and vault maps discovered:
D:1:      dpeg_arrival_round_b, layout_basic
D:2:      wad_river_or_something, layout_basic
D:3:      layout_basic, uniq_robin, uniq_crazy_yiuf_cottage

Skill      XL: |  1  2  3  4 |
---------------+-------------+-----
Fighting       | 1 2 |  2.5
Necromancy     | 5 |  5.1
Dodging        | 3 |  3.2
Short Blades   | |  0.1
Stealth        | |  3.0
Spellcasting   | |  2.7

Action                   |  1- 3 |  4- 6 || total
-------------------------+-------+-------++-------
Melee: Dagger            |       |     7 ||     7
       Bite              |       |     1 ||     1
 Fire: Hunting sling     |     1 |     5 ||     6
 Cast: Pain              |    63 |    83 ||   146
       Animate Skeleton  |     4 |     1 ||     5
 Abil: Evoke Flight      |       |     1 ||     1
  Use: Scroll            |     7 |     2 ||     9
Armor: Robe              |     2 |     5 ||     7
       Skin              |       |     1 ||     1
Dodge: Dodged            |    11 |    39 ||    50

Table legend: (Time is in decaauts)
 A = Elapsed time spent in this place.
 B = Non-inter-level travel time spent in this place.
 C = Inter-level travel time spent in this place.
 D = Time resting spent in this place.
 E = Time spent auto-exploring this place.
 F = Levels seen in this place.
 G = Mean time per level.
                   A        B        C        D        E       F      G
               +--------+--------+--------+--------+--------+-----+--------+
         Total |   3227 |   3013 |    214 |    235 |   1918 |   3 | 1075.7 |
       Dungeon |   3227 |   3013 |    214 |    235 |   1918 |   3 | 1075.7 |
               +--------+--------+--------+--------+--------+-----+--------+

Top non-repeatable levels by time:
     D:2: 1881 daAuts
     D:1: 1179 daAuts
     D:3: 167 daAuts
